 Dungeon Crawl Stone Soup version 0.28.0-53-g5a82cb258f (webtiles) character file.

Game seed: 8977167180388152211

1555 Zeldest the Chopper (level 8, -6/73 HPs)
             Began as a Deep Dwarf Fighter on Aug 22, 2022.
             Was an Initiate of Ru.
             Mangled by a four-headed hydra (7 damage)
             ... on level 6 of the Dungeon.
             The game lasted 00:04:49 (3610 turns).

Zeldest the Chopper (Deep Dwarf Fighter)            Turns: 3610, Time: 00:04:50

Health: -6/73      AC:  7    Str: 22    XL:     8   Next: 58%
Magic:  11/11      EV:  9    Int:  9    God:    Ru [......]
Gold:   74         SH:  5    Dex: 12    Spells: 7/7 levels left

rFire   . . .      SeeInvis +   t - +4 flail (drain)
rCold   . . .      Faith    .   c - +0 buckler
rNeg    . . .      Spirit   .   b - +0 scale mail
rPois   .          Reflect  .   h - +0 hat {SInv}
rElec   .          Harm     .   (no cloak)
rCorr   .          Rampage  .   (no gloves)
Will    +....                   (no boots)
Stlth   ..........              k - amulet of magic regeneration
HPRegen 0.00/turn               (no ring)
MPRegen 0.52/turn               (no ring)

@: no status effects
A: damage resistance, heal wounds, sense surroundings 1, no regeneration
a: Heal Wounds, Renounce Religion


You were on level 6 of the Dungeon.
You worshipped Ru.
Ru was noncommittal.
You visited 1 branch of the dungeon, and saw 6 of its levels.

You collected 298 gold pieces.
You spent 224 gold pieces at shops.

Inventory:

Hand Weapons
 t - a +4 flail of draining (weapon)
 u - a +2 vorpal hand axe
Armour
 b - a +0 scale mail (worn)
 c - a +0 buckler (worn)
 h - a +0 hat of see invisible (worn)
Jewellery
 k - an amulet of magic regeneration (around neck)
Scrolls
 a - a scroll of fog {unknown}
 i - 3 scrolls of identify {unknown}
 m - 2 scrolls of enchant armour {unknown}
 n - a scroll of blinking {unknown}
 o - a scroll of immolation {unknown}
 p - a scroll of amnesia {unknown}
 s - a scroll of noise {unknown}
Potions
 d - 2 potions of might
 e - 3 potions of mutation {unknown}
 f - a potion of cancellation {unknown}
 g - 4 potions of curing
 j - 2 potions of haste {unknown}
 l - a potion of berserk rage {unknown}
 q - a potion of heal wounds
 r - a potion of attraction {unknown}


   Skills:
 + Level 4.7 Fighting
 * Level 7.2 Axes
 + Level 5.8 Armour
 + Level 5.8 Shields
 + Level 5.4 Invocations
 - Level 0.7 Evocations


You had 7 spell levels left.
You didn't know any spells.
Your spell library contained the following spells:

 Spells                   Type           Power      Damage    Failure   Level
 Animate Skeleton         Necr           0%         N/A       77%         1
 Apportation              Tloc           0%         N/A       77%         1
 Sting                    Tmut/Pois      0%         1d3       77%         1
 Summon Small Mammal      Summ           0%         N/A       77%         1
 Poisonous Vapours        Pois/Air       0%         N/A       88%         2
 Olgreb's Toxic Radiance  Pois           0%         N/A       100%        4


Dungeon Overview and Level Annotations

Branches:
Dungeon (6/15)
 Temple: D:4-7

Altars:
Ashenzari
Ru
The Shining One

Shops:
D:4 !

Annotations:
D:3 1 runed translucent door, Crazy Yiuf


Innate Abilities, Weirdness & Mutations

You are resistant to damage.
You can heal yourself by infusing magical energy.
You passively map a small area around you.
You do not regenerate.


Message History

The four-headed hydra bites you.
The four-headed hydra barely misses you.
The four-headed hydra completely misses you.
You aren't carrying any items that you can evoke.
You hit the four-headed hydra.
The four-headed hydra is lightly wounded.
The four-headed hydra bites you.
The four-headed hydra closely misses you.
The four-headed hydra bites you. The four-headed hydra bites you!
You hit the four-headed hydra. You drain the four-headed hydra.
The four-headed hydra is moderately wounded.
The four-headed hydra bites you!
The four-headed hydra barely misses you.
The four-headed hydra bites you. The four-headed hydra bites you!
You hit the four-headed hydra. You drain the four-headed hydra.
The four-headed hydra is moderately wounded.
The four-headed hydra bites you.
You block the four-headed hydra's attack.
The four-headed hydra barely misses you.
The four-headed hydra bites you.
You barely miss the four-headed hydra.
The four-headed hydra is moderately wounded.
The four-headed hydra bites you.
* * * LOW HITPOINT WARNING * * *
The four-headed hydra bites you but does no damage.
The four-headed hydra bites you. x2
* * * LOW HITPOINT WARNING * * *
The four-headed hydra barely misses you.
You block the four-headed hydra's attack.
The four-headed hydra bites you.
* * * LOW HITPOINT WARNING * * *
The four-headed hydra bites you!
* * * LOW HITPOINT WARNING * * *
You hit the four-headed hydra.
The four-headed hydra is moderately wounded.
The four-headed hydra bites you!
* * * LOW HITPOINT WARNING * * *
The four-headed hydra bites you but does no damage.
The four-headed hydra bites you!
You die...

####### * *
#.D...# *
#@#**,,,, , #.# ,
#.# ,
###########.### ,
##.......#.....#
, ,
...............#,
, , 8
...............#
*,
.......<.......#
,
...............#
, ,


You could see a four-headed hydra (drained).

Vanquished Creatures
  5 yaks (D:5)
  An ice beast (D:5)
  A black bear (D:4)
  An ogre (D:5)
  A phantom (D:4)
  A scorpion (D:5)
  A water moccasin skeleton (D:3)
  A jelly (D:4)
  2 hounds
  2 orc priests (D:5)
  An iguana (D:5)
  2 orc wizards
  3 gnolls
  An ufetubus (D:5)
  3 worms
  3 dart slugs
  18 orcs
  4 bats (D:1)
  11 endoplasms
  A giant cockroach (D:3)
  7 hobgoblins
  4 jackals (D:3)
  2 quokkas
  6 ball pythons
  3 frilled lizards
  6 goblins
  11 kobolds
  2 rats
104 creatures vanquished.

Notes
Turn   | Place    | Note
-------+----------+-------------------------------------------
     0 | D:1      | Zeldest the Deep Dwarf Fighter began the quest for the Orb.
     0 | D:1      | Reached XP level 1. HP: 20/20 MP: 1/1
   172 | D:1      | Reached XP level 2. HP: 21/27 MP: 2/2
   353 | D:2      | Found a faded altar of an unknown god.
   544 | D:1      | Reached XP level 3. HP: 32/33 MP: 3/3
   686 | D:1      | Reached skill level 3 in Axes
  1179 | D:2      | Reached skill level 1 in Invocations
  1179 | D:2      | Reached XP level 4. HP: 28/42 MP: 4/4
  1686 | D:3      | Found a runed translucent door.
  1687 | D:3      | Noticed Crazy Yiuf
  1739 | D:3      | Reached XP level 5. HP: 31/49 MP: 6/6
  2084 | D:4      | Reached skill level 4 in Axes
  2306 | D:4      | Noticed a black bear
  2315 | D:4      | Killed a black bear
  2316 | D:4      | Reached XP level 6. HP: 30/56 MP: 5/7
  2334 | D:4      | Found Ypsalank's Distillery.
  2343 | D:4      | Bought 2 potions of heal wounds for 140 gold pieces
  2343 | D:4      | Bought a potion of curing for 42 gold pieces
  2343 | D:4      | Bought a potion of curing for 42 gold pieces
  2874 | D:5      | Entered Level 5 of the Dungeon
  2874 | D:5      | Noticed an ice beast
  2943 | D:5      | Killed an ice beast
  2944 | D:5      | Reached skill level 5 in Axes
  2950 | D:5      | Reached XP level 7. HP: 32/63 MP: 8/8
  3033 | D:5      | Found a broken altar of Ashenzari.
  3037 | D:5      | Saw a vision of the Shoals and the Spider Nest.
  3037 | D:5      | Noticed a sea snake
  3037 | D:5      | Noticed a merfolk
  3037 | D:5      | Noticed a merfolk
  3037 | D:5      | Noticed a merfolk
  3037 | D:5      | Noticed a merfolk siren
  3037 | D:5      | Noticed a sea snake
  3037 | D:5      | Noticed a redback
  3037 | D:5      | Noticed a redback
  3037 | D:5      | Noticed a redback
  3037 | D:5      | Noticed a redback
  3037 | D:5      | Noticed a merfolk
  3105 | D:5      | Found a glowing golden altar of the Shining One.
  3105 | D:5      | Noticed a yak
  3105 | D:5      | Noticed a yak
  3105 | D:5      | Noticed a yak
  3105 | D:5      | Noticed a yak
  3107 | D:5      | Noticed a yak
  3118 | D:5      | Killed a yak
  3129 | D:5      | Killed a yak
  3130 | D:5      | Reached skill level 5 in Armour
  3134 | D:5      | Killed a yak
  3135 | D:5      | Reached skill level 6 in Axes
  3135 | D:5      | Reached skill level 5 in Shields
  3148 | D:5      | Killed a yak
  3149 | D:5      | Reached XP level 8. HP: 30/73 MP: 10/10
  3156 | D:5      | Reached skill level 5 in Invocations
  3264 | D:5      | Reached skill level 7 in Axes
  3356 | D:5      | Found a sacrificial altar of Ru.
  3568 | D:5      | Became a worshipper of Ru the Awakened
  3602 | D:6      | Noticed a four-headed hydra
  3610 | D:6      | HP: 1/73 [four-headed hydra (5)]
  3610 | D:6      | Mangled by a four-headed hydra

Illustrated notes

Levels and vault maps discovered:
D:1:      minmay_arrival_wavy_path, layout_loops_ring
D:2:      layout_loops_ring, nicolae_ecumenical_oubliette
D:3:      layout_rooms, uniq_crazy_yiuf_cottage
D:4:      layout_gridville, serial_shops, shop
D:5:      layout_rooms, kennysheep_mini, grunt_ashenzari_visionary
          [grunt_ashenzari_visionary_shoals, grunt_ashenzari_visionary_spider],
          mainiacjoe_overflow_six_doors_small
D:6:      minmay_bubble_buster, layout_basic, general_overflow_altar,
          minmay_temple_entry_statues_fountains

Skill      XL: |  1  2  3  4  5  6  7  8 |
---------------+-------------------------+-----
Axes           | 3 4 5 6 7 |  7.2
Fighting       | 3 4 |  4.7
Invocations    | 1 2 3 4 5 |  5.4
Armour         | 4 5 |  5.8
Shields        | 4 5 |  5.8
Evocations     | |  0.7

Action                   |  1- 3 |  4- 6 |  7- 9 || total
-------------------------+-------+-------+-------++-------
Melee: War axe           |   122 |   110 |       ||   232
       Flail             |       |    20 |    93 ||   113
 Abil: Heal Wounds       |     1 |     4 |     8 ||    13
  Use: Potion            |       |     2 |       ||     2
Armor: Scale mail        |    65 |    86 |    41 ||   192
Dodge: Dodged            |    63 |    67 |    57 ||   187
Block: Buckler           |    21 |    33 |    35 ||    89
